 Dungeon Crawl Stone Soup version 0.28.0-45-g0d030f2227 (webtiles) character file.

Game seed: 5753327572016495267

203 Ablot the Cutter (level 5, -4/47 HPs)
             Began as a Gnoll Chaos Knight on Apr 16, 2022.
             Was a Plaything of Xom.
             Slain by a wight
             ... wielding a +4 war axe
              (11 damage)
             ... on level 4 of the Dungeon.
             The game lasted 00:03:54 (2790 turns).

Ablot the Cutter (Gnoll Chaos Knight)               Turns: 2790, Time: 00:03:55

Health: -4/47      AC: 10    Str: 14    XL:     5   Next: 81%
Magic:  7/7        EV: 12    Int: 11    God:    Xom [.*....]
Gold:   121        SH:  0    Dex: 11    Spells: 7/7 levels left

rFire   . . .      SeeInvis .   a - +0 short sword (chaos)
rCold   . . .      Faith    .   (no shield)
rNeg    . . .      Spirit   .   b - +2 leather armour
rPois   .          Reflect  .   q - +2 helmet
rElec   .          Harm     .   (no cloak)
rCorr   .          Rampage  .   l - +0 pair of gloves
Will    .....                   (no boots)
Stlth   +.........              p - amulet of magic regeneration
HPRegen 0.15/turn               (no ring)
MPRegen 0.50/turn               (no ring)

@: no status effects
A: fangs 1, strong nose, distributed training
a: Renounce Religion


You were on level 4 of the Dungeon.
You worshipped Xom.
You were a plaything of Xom.
You visited 1 branch of the dungeon, and saw 4 of its levels.

You collected 134 gold pieces.
You spent 13 gold pieces at shops.

Inventory:

Hand Weapons
 a - a +0 short sword of chaos (weapon)
 x - a +2 dagger of venom
Missiles
 d - 7 poisoned darts (quivered)
 g - 91 stones
 m - 4 javelins
 n - 44 arrows
 v - 17 sling bullets
Armour
 b - a +2 leather armour (worn)
 l - a +0 pair of gloves (worn)
 q - a +2 helmet (worn)
Jewellery
 p - an amulet of magic regeneration (around neck)
Wands
 w - a wand of paralysis (11)
Scrolls
 c - 2 scrolls of immolation {unknown}
 e - a scroll of noise {unknown}
 f - a scroll of enchant armour {unknown}
 i - a scroll of blinking {unknown}
 k - a scroll of identify {unknown}
 r - a scroll of vulnerability {unknown}
 t - a scroll of silence {unknown}
 u - 2 scrolls of teleportation {unknown}
Potions
 h - a potion of flight {unknown}
 j - a potion of degeneration
 o - a potion of curing {unknown}
 s - a potion of attraction {unknown}


   Skills:
 + Level 6.7 Fighting
 + Level 6.7 Short Blades
 + Level 1.6 Long Blades
 + Level 1.6 Axes
 + Level 1.6 Maces & Flails
 + Level 1.6 Polearms
 + Level 1.6 Staves
 + Level 1.6 Slings
 + Level 1.6 Bows
 + Level 1.6 Crossbows
 + Level 1.6 Throwing
 + Level 4.8 Armour
 + Level 3.0 Dodging
 + Level 1.6 Stealth
 + Level 1.6 Shields
 + Level 1.6 Unarmed Combat
 + Level 1.6 Spellcasting
 + Level 1.3 Conjurations
 + Level 1.3 Hexes
 + Level 1.3 Summonings
 + Level 1.3 Necromancy
 + Level 1.3 Translocations
 + Level 1.3 Transmutations
 + Level 1.3 Fire Magic
 + Level 1.3 Ice Magic
 + Level 1.3 Air Magic
 + Level 1.3 Earth Magic
 + Level 1.3 Poison Magic
 + Level 1.8 Invocations
 + Level 1.6 Evocations


You had 7 spell levels left.
You didn't know any spells.
Your spell library contained the following spells:

 Spells                   Type           Power      Damage    Failure   Level
 Slow                     Hex            12%        N/A       22%         1
 Portal Projectile        Hex/Tloc       6%         N/A       54%         3
 Blade Hands              Tmut           1%         N/A       99%         5
 Excruciating Wounds      Necr           1%         N/A       99%         5
 Enfeeble                 Hex            1%         N/A       100%        7
 Discord                  Hex            1%         N/A       100%        8


Dungeon Overview and Level Annotations

Branches:
Dungeon (4/15)
 Temple: D:4-7

Altars:
Gozag
Okawaru

Shops:
D:1 !

Annotations:
D:4 2 transporters, Omnilove's ghost, amateur GrEE


Innate Abilities, Weirdness & Mutations

You have very sharp teeth.
Your uncanny sense of smell can sniff out nearby items.
Your experience applies equally to all skills.


Message History

You hit the wight but do no damage. The wight misses you.
You hit the wight. You punch the wight, but do no damage.
The wight is lightly damaged.
The wight misses you.
You hit the wight.
The wight is moderately damaged.
The wight barely misses you.
You hit the wight. You burn the wight. You bite the wight, but do no damage.
The wight is severely damaged.
You hit the wight but do no damage.
The wight is moving more slowly.
The wight is severely damaged.
The wight hits you with a +0 trident!
You feel drained.
You hit the wight but do no damage.
The wight is severely damaged.
Xom's power touches on a nearby weapon.
The wight's +4 great sword erupts in a glittering mayhem of colour.
The wight hits you with a +0 trident.
You hit the wight but do no damage. Lightning courses through the wight!
You destroy the wight!
Your life force feels restored.
You hit the wight.
The wight is lightly damaged.
The wight hits you with a +4 war axe.
* * * LOW HITPOINT WARNING * * *
You hit the wight but do no damage.
The wight seems to grow stronger.
Xom thinks this is hilarious!
The wight is lightly damaged.
The wight closely misses you.
You barely miss the wight.
The wight is lightly damaged.
Xom makes a sudden noise!
You hear a hideous shriek!
You hear a shout!
You hit the wight.
The wight seems to speed up.
You bite the wight, but do no damage.
The wight is lightly damaged.
The wight hits you with a +4 war axe.
* * * LOW HITPOINT WARNING * * *
The wight hits you with a +4 war axe!
You die...
Xom roars with laughter!

..##....###$# #....
.#..z......) #....
..?...###.. #....
.z...##### #....
....###.. #....
#z....... ###....
#...# .
.......######)..#...
#.....@zz......#
#.#######..###.#. ∆
#.#...........[..
#.#...............
#.#..#############
#.#..#..... ....#...
#....#..... ...#..#
###..#..### # #..#..#
#
#..#..#8#.#8#..#..###


You could see 2 wights.

Vanquished Creatures
  A wight (D:4)
  A bullfrog skeleton (D:4)
  A hound skeleton (D:4)
  4 adders
  An adder skeleton (D:4)
  A worm (D:2)
  3 dart slugs
  5 orcs
  4 ball pythons
  9 endoplasms
  6 goblins
  4 hobgoblins
  4 jackals (D:2)
  A quokka (D:1)
  7 bats
  3 frilled lizards
  11 kobolds
  A rat (D:2)
67 creatures vanquished.

Vanquished Creatures (others)
  A worm (D:3)
  A bat (D:2)
2 creatures vanquished.

Grand Total: 69 creatures vanquished

Notes
Turn   | Place    | Note
-------+----------+-------------------------------------------
     0 | D:1      | Ablot the Gnoll Chaos Knight began the quest for the Orb.
     0 | D:1      | Reached XP level 1. HP: 23/23 MP: 1/1
   128 | D:1      | Reached XP level 2. HP: 28/29 MP: 2/2
   274 | D:1      | XOM: silly message
   414 | D:1      | Found Zuaxyrphu's Distillery.
   437 | D:1      | Bought a potion of degeneration for 13 gold pieces
   549 | D:1      | XOM: silly message
   824 | D:2      | XOM: potion effect (berserk rage)
   827 | D:2      | XOM: 1-stop teleportation journey
   831 | D:2      | Reached XP level 3. HP: 35/35 MP: 3/3
   844 | D:2      | Found a faded altar of an unknown god.
   849 | D:2      | Got Plato's Papyrus of Execration
   894 | D:2      | XOM: divination: detect creatures
   963 | D:2      | Reached skill level 1 in Invocations
  1099 | D:2      | Reached skill level 1 in Long Blades
  1099 | D:2      | Reached skill level 1 in Axes
  1099 | D:2      | Reached skill level 1 in Maces & Flails
  1099 | D:2      | Reached skill level 1 in Polearms
  1099 | D:2      | Reached skill level 1 in Staves
  1099 | D:2      | Reached skill level 1 in Slings
  1099 | D:2      | Reached skill level 1 in Bows
  1099 | D:2      | Reached skill level 1 in Crossbows
  1099 | D:2      | Reached skill level 1 in Throwing
  1099 | D:2      | Reached skill level 1 in Stealth
  1099 | D:2      | Reached skill level 1 in Shields
  1099 | D:2      | Reached skill level 1 in Unarmed Combat
  1099 | D:2      | Reached skill level 1 in Spellcasting
  1099 | D:2      | Reached skill level 1 in Evocations
  1099 | D:2      | Reached XP level 4. HP: 27/41 MP: 5/5
  1166 | D:2      | Got the Compendium of Execration
  1174 | D:2      | XOM: cloud trail
  1449 | D:2      | XOM: cloud trail
  1567 | D:3      | Reached skill level 1 in Conjurations
  1567 | D:3      | Reached skill level 1 in Hexes
  1567 | D:3      | Reached skill level 1 in Summonings
  1567 | D:3      | Reached skill level 1 in Necromancy
  1567 | D:3      | Reached skill level 1 in Translocations
  1567 | D:3      | Reached skill level 1 in Transmutations
  1567 | D:3      | Reached skill level 1 in Fire Magic
  1567 | D:3      | Reached skill level 1 in Ice Magic
  1567 | D:3      | Reached skill level 1 in Air Magic
  1567 | D:3      | Reached skill level 1 in Earth Magic
  1567 | D:3      | Reached skill level 1 in Poison Magic
  1777 | D:3      | Found an opulent altar of Gozag.
  1918 | D:3      | Found an iron altar of Okawaru.
  2244 | D:3      | XOM: summons 3 hostile demons
  2407 | D:4      | Found a transporter.
  2408 | D:4      | Found a transporter.
  2408 | D:4      | Noticed Omnilove's ghost (amateur GrEE)
  2451 | D:4      | Reached XP level 5. HP: 19/47 MP: 5/7
  2535 | D:4      | XOM: smoke on damage
  2755 | D:4      | XOM: cast spell 'Olgreb's Toxic Radiance'
  2764 | D:4      | XOM: noise
  2766 | D:4      | XOM: enchant monster (bad)
  2770 | D:4      | XOM: enchant monster (good)
  2785 | D:4      | XOM: chaos upgrade
  2789 | D:4      | XOM: noise
  2790 | D:4      | Slain by a wight

Illustrated notes

Levels and vault maps discovered:
D:1:      dpeg_arrival_tiny_e, layout_loops_cross, serial_shops,
          nicolae_shop_advertising_works [nicolae_subvault_shop_adworks]
D:2:      layout_rooms, shapermc_ecumenical_altar_rom_forum, minmay_hexomino_c4
D:3:      layout_loops_ring, mainiacjoe_overflow_surrounded_room,
          general_overflow_altar, minmay_misc_feat_ornament
D:4:      layout_loops_ring, chei_slow_surprise,
          nicolae_ru_sacrificial_ziggurat, cheibrodos_ashenzari_chains,
          enter_ossuary_3, gammafunk_ghost_mausoleum

Skill      XL: |  1  2  3  4  5 |
---------------+----------------+-----
Invocations    | 1 |  1.8
Long Blades    | 1 |  1.6
Axes           | 1 |  1.6
Maces & Flails | 1 |  1.6
Polearms       | 1 |  1.6
Staves         | 1 |  1.6
Slings         | 1 |  1.6
Bows           | 1 |  1.6
Crossbows      | 1 |  1.6
Throwing       | 1 |  1.6
Stealth        | 1 |  1.6
Shields        | 1 |  1.6
Unarmed Combat | 1 |  1.6
Spellcasting   | 1 |  1.6
Evocations     | 1 |  1.6
Conjurations   | 1 |  1.3
Hexes          | 1 |  1.3
Summonings     | 1 |  1.3
Necromancy     | 1 |  1.3
Translocations | 1 |  1.3
Transmutations | 1 |  1.3
Fire Magic     | 1 |  1.3
Ice Magic      | 1 |  1.3
Air Magic      | 1 |  1.3
Earth Magic    | 1 |  1.3
Poison Magic   | 1 |  1.3
Dodging        | 3 |  3.0
Fighting       | |  6.7
Short Blades   | |  6.7
Armour         | |  4.8

Action                   |  1- 3 |  4- 6 || total
-------------------------+-------+-------++-------
Melee: Short sword       |   105 |   129 ||   234
       Bite              |     6 |    17 ||    23
       Punch             |     2 |     5 ||     7
 Stab: Paralysed         |       |     1 ||     1
       Sleeping          |       |     1 ||     1
Armor: Leather armour    |    49 |    53 ||   102
Dodge: Dodged            |    67 |    97 ||   164
